 Dungeon Sprint DCSS version 0.29-a0-582-ge82337ba6a (webtiles) character file.

Game seed: 18106443903378260496

1698 mhtbhm the Summoner (level 9, -12/64 HPs)
             Began as a Hill Orc Summoner on June 14, 2022.
             Was an Initiate of Sif Muna.
             Shot with an arrow by a centaur warrior (16 damage)
             ... in the Dungeon (Sprint I: "Red Sonja") on June 15, 2022.
             The game lasted 00:07:29 (2102 turns).

mhtbhm the Summoner (Hill Orc Summoner)             Turns: 2102, Time: 00:07:30

Health: -12/64     AC:  5    Str: 15    XL:     9   Next: 3%
Magic:  5/21       EV: 12    Int: 15    God:    Sif Muna [......]
Gold:   249        SH:  0    Dex: 11    Spells: 12/25 levels left

rFire   . . .      SeeInvis .     - Unarmed
rCold   + + .      Faith    .   (no shield)
rNeg    + . .      Spirit   .   a - +2 robe {rC+}
rPois   +          Reflect  .   (no helmet)
rElec   +          Harm     +   (no cloak)
rCorr   +          Rampage  .   (no gloves)
Will    +....      NoTele   +   i - +0 pair of boots "Unum" {Harm rElec rC+ rN+}
Stlth   +++.......              (no amulet)
HPRegen 0.20/turn               m - ring "Dehost" {Wiz rPois Will+ rCorr}
MPRegen 0.17/turn               (no ring)

@: no status effects
A: no striking features
a: Renounce Religion


You were in the Dungeon.
You worshipped Sif Muna.
Sif Muna was noncommittal.
You visited 1 branch You collected 877 gold pieces.
You spent 628 gold pieces at shops.

Inventory:

Missiles
 d - 2 curare-tipped darts (quivered)
Armour
 a - a +2 robe of cold resistance (worn)
 i - the +0 pair of boots "Unum" (worn) {Harm rElec rC+ rN+}
   (You found it in the Dungeon)

   rC:        It protects you from cold.
   rElec:     It insulates you from electricity.
   rN:        It protects you from negative energy.
   Harm:      It increases damage dealt and taken.
Jewellery
 m - the ring "Dehost" (left hand) {Wiz rPois Will+ rCorr}
   (You bought it in a shop in the Dungeon)

   [ring of wizardry]

   It improves your spell success rate.
   rPois:     It protects you from poison.
   rCorr:     It protects you from acid and corrosion.
   Will:      It increases your willpower.
Wands
 e - a wand of flame (9)
 j - a wand of acid (5)
Scrolls
 c - a scroll of summoning {unknown}
 g - a scroll of blinking
 h - a scroll of fear {unknown}
 k - a scroll of identify {unknown}
Potions
 b - 2 potions of magic
 f - 2 potions of curing
 l - a potion of mutation {unknown}


   Skills:
 + Level 1.5 Fighting
 + Level 0.3 Throwing
 + Level 3.6 Dodging
 + Level 4.7 Stealth
 + Level 3.5 Unarmed Combat
 + Level 8.8 Spellcasting
 + Level 3.6 Hexes
 + Level 13.7 Summonings
 + Level 0.6 Air Magic
 + Level 3.7 Evocations


You had 12 spell levels left.
You knew the following spells:

 Your Spells              Type           Power      Damage    Failure   Level
a - Summon Small Mammal   Summ           100%       N/A       1%          1
b - Call Imp              Summ           47%        N/A       1%          2
c - Call Canine Familiar  Summ           47%        N/A       1%          3
d - Summon Guardian Gole  Hex/Summ       32%        N/A       1%          3
e - Summon Lightning Spi  Summ/Air       28%        N/A       2%          4

Your spell library contained the following spells:

 Spells                   Type           Power      Damage    Failure   Level


Dungeon Overview and Level Annotations

Branches:
Dungeon (1/1)

Altars:
Cheibriados
Dithmenos
Elyvilon
Fedhas
Gozag
Hepliaklqana
Kikubaaqudgha
Makhleb
Nemelex Xobeh
Okawaru
Qazlal
Ru
Sif Muna
Trog
Uskayaw
Vehumet
Wu Jian
Xom
Yredelemnul
Zin
The Shining One
Jiyva
Lugonu

Shops:
D =([


Message History

Unknown command.
You swap places.
You enter the shallow water.
Moving in this stuff is going to be slow.
Unknown command.
You swap places.
You swap places.
The centaur warrior shouts! x2
Your crimson imp blinks!
The centaur warrior closely misses you.
The centaur warrior kicks you but does no damage.
The centaur warrior hits you! The centaur warrior kicks you.
The centaur warrior hits you. The centaur warrior closely misses you.
Your magical contamination has completely faded away.
Unknown command.
The centaur warrior wields a +0 longbow.
The centaur warrior shoots an arrow.
The arrow hits you!
The centaur warrior wields a +0 shortbow.
The centaur warrior shoots an arrow.
The arrow hits your guardian golem!
The centaur warrior shoots an arrow.
The arrow hits you!!
* * * LOW HITPOINT WARNING * * *
The centaur warrior shoots an arrow.
The arrow hits your guardian golem!
Unknown command.
You swap places.
Your guardian golem disappears in a puff of smoke!
Something hits your crimson imp!
Your crimson imp dies!
Your crimson imp disappears in a puff of smoke!
The centaur warrior shoots an arrow.
The arrow hits you!
* * * LOW HITPOINT WARNING * * *
Something hits your quokka!
Your quokka dies!
Your quokka's corpse disappears in a puff of smoke!
There is an open door, spattered with blood here.
Your wolf bites the centaur warrior.
Okay, then.
Your wolf barely misses the centaur warrior.
The centaur warrior wields a +0 longbow.
The centaur warrior shoots an arrow.
The arrow misses your wolf. The arrow hits you!
You die...

#..)..#..'..#__#..+
)).#.['..#..'..'..#
#####'#####'#__####
####..#...#.####§§#
#__####..##[#§§§§§#
#_____##)#_.§§§§§§+
#_.∩...'..._#c≈≈..#
#_..__##_.#'##h####
#_____###'#.#...@###
#########.####8###.##
.......'[..'.....'.∩#
++++####...##########
###.### #.#'#.#
#.....# #.....#
#######


You could see a centaur warrior (ally target), a friendly wolf (summoned) and a
friendly lightning spire (summoned).

Vanquished Creatures
  An ogre (D)
  Ijyb (D)
2 creatures vanquished.

Vanquished Creatures (collateral kills)
  Sonja (D)
  A deep troll (D)
  A slime creature (D)
  Sigmund (D)
  A jelly (D)
5 creatures vanquished.

Vanquished Creatures (others)
  A yak (D)
  2 ballistomycete spores (D)
3 creatures vanquished.

Grand Total: 10 creatures vanquished

Notes
Turn   | Place    | Note
-------+----------+-------------------------------------------
     0 | D        | mhtbhm the Hill Orc Summoner began the quest for the Orb.
     0 | D        | Reached XP level 1. HP: 14/14 MP: 3/3
     4 | D        | Noticed Ijyb
    18 | D        | Killed Ijyb
    19 | D        | Reached skill level 6 in Summonings
    19 | D        | Reached XP level 2. HP: 11/20 MP: 1/5
    19 | D        | Reached XP level 3. HP: 14/26 MP: 1/6
   223 | D        | Learned a level 2 spell: Call Imp
   227 | D        | Learned a level 3 spell: Call Canine Familiar
   231 | D        | Noticed an ogre
   244 | D        | Killed an ogre
   245 | D        | Reached skill level 1 in Unarmed Combat
   245 | D        | Reached skill level 8 in Summonings
   245 | D        | Reached XP level 4. HP: 33/33 MP: 0/8
   599 | D        | Learned a level 3 spell: Summon Guardian Golem
   603 | D        | Noticed Sigmund
   641 | D        | Killed Sigmund
   642 | D        | Reached skill level 10 in Summonings
   642 | D        | Reached skill level 1 in Evocations
   642 | D        | Reached XP level 5. HP: 30/38 MP: 1/11
   642 | D        | Reached XP level 6. HP: 36/45 MP: 1/12
   843 | D        | Learned a level 4 spell: Summon Lightning Spire
   843 | D        | Found an ornate altar of the Wu Jian Council.
   843 | D        | Found a shimmering blue altar of Sif Muna.
   847 | D        | Found a radiant altar of Vehumet.
   856 | D        | Found Gopranto's Weapon Emporium.
   856 | D        | Found an ancient bone altar of Kikubaaqudgha.
   856 | D        | Found a hazy altar of Hepliaklqana.
   856 | D        | Found a stormy altar of Qazlal.
   856 | D        | Found a hide-covered altar of Uskayaw.
   856 | D        | Found a blossoming altar of Fedhas.
   856 | D        | Found a bloodstained altar of Trog.
   856 | D        | Found an iron altar of Okawaru.
   856 | D        | Found a basalt altar of Yredelemnul.
   856 | D        | Found a glowing golden altar of the Shining One.
   856 | D        | Found a snail-covered altar of Cheibriados.
   856 | D        | Found a sacrificial altar of Ru.
   856 | D        | Found a glowing silver altar of Zin.
   856 | D        | Found a shadowy altar of Dithmenos.
   856 | D        | Found a white marble altar of Elyvilon.
   856 | D        | Noticed a yak
   866 | D        | Killed a yak
   867 | D        | Reached skill level 5 in Spellcasting
   867 | D        | Reached skill level 1 in Hexes
   867 | D        | Reached skill level 11 in Summonings
   867 | D        | Reached XP level 7. HP: 50/50 MP: 3/15
  1055 | D        | Found an opulent altar of Gozag.
  1071 | D        | Found a sparkling altar of Nemelex Xobeh.
  1109 | D        | Noticed Sonja
  1131 | D        | Killed Sonja
  1132 | D        | Reached skill level 12 in Summonings
  1132 | D        | Reached XP level 8. HP: 25/58 MP: 6/19
  1334 | D        | Found Punuliz's Jewellery Boutique.
  1369 | D        | Identified the +0 pair of boots "Unum" {Harm rElec rC+ rN+}
  1513 | D        | Became a worshipper of Sif Muna the Loreminder
  1521 | D        | Noticed a deep troll
  1531 | D        | Killed a deep troll
  1532 | D        | Reached skill level 1 in Fighting
  1532 | D        | Reached skill level 13 in Summonings
  1728 | D        | Found Deemaiq's Armour Emporium.
  1840 | D        | Found a burning altar of Makhleb.
  1840 | D        | Found a viscous altar of Jiyva.
  1840 | D        | Found a shimmering altar of Xom.
  1840 | D        | Found a corrupted altar of Lugonu.
  1840 | D        | Noticed a slime creature
  1845 | D        | Killed a slime creature
  1846 | D        | Reached XP level 9. HP: 64/64 MP: 9/21
  1950 | D        | Bought the ring "Dehost" {Wiz rPois Will+ rCorr} for 628
                  | gold pieces
  2077 | D        | Noticed a centaur warrior
  2077 | D        | Noticed a centaur warrior
  2102 | D        | Shot with an arrow by a centaur warrior

Illustrated notes

Levels and vault maps discovered:
D:        dungeon_sprint_1 [red_sonja_temple_1, red_sonja_temple_small_1]

Skill      XL: |  1  2  3  4  5  6  7  8 |
---------------+-------------------------+-----
Dodging        | 2 3 |  3.6
Stealth        | 2 3 4 |  4.7
Spellcasting   | 2 3 4 5 7 8 |  8.8
Summonings     | 6 8 10 11 12 13 | 13.7
Unarmed Combat | 1 2 3 |  3.5
Evocations     | 1 2 3 |  3.7
Hexes          | 1 2 3 |  3.6
Fighting       | 1 |  1.5
Throwing       | |  0.3
Air Magic      | |  0.6

Action                   |  1- 3 |  4- 6 |  7- 9 || total
-------------------------+-------+-------+-------++-------
Melee: Unarmed           |     8 |       |       ||     8
Throw: Dart              |       |       |     1 ||     1
 Cast: Summon Small Mamm |     5 |     1 |     5 ||    11
       Call Canine Famil |     1 |     3 |     4 ||     8
       Call Imp          |     1 |     3 |     3 ||     7
       Summon Guardian G |       |     3 |     4 ||     7
       Summon Lightning  |       |     1 |     5 ||     6
Evoke: Wand              |     4 |     1 |       ||     5
  Use: Potion            |     2 |     3 |       ||     5
 Stab: Distracted        |     1 |       |       ||     1
Armor: Robe              |       |       |     2 ||     2
Dodge: Dodged            |       |     1 |     3 ||     4

Table legend: (Time is in decaauts)
 A = Elapsed time spent in this place.
 B = Non-inter-level travel time spent in this place.
 C = Inter-level travel time spent in this place.
 D = Time resting spent in this place.
 E = Time spent auto-exploring this place.
 F = Levels seen in this place.
 G = Mean time per level.
                   A        B        C        D        E       F      G
               +--------+--------+--------+--------+--------+-----+--------+
         Total |   2112 |   2112 |      0 |   1532 |      0 |   1 | 2112.0 |
       Dungeon |   2112 |   2112 |      0 |   1532 |      0 |   1 | 2112.0 |
               +--------+--------+--------+--------+--------+-----+--------+

Top non-repeatable levels by time:
       D: 2112 daAuts
